 Dungeon Crawl Stone Soup version 0.31.0-11-ge490571c62 (webtiles) character file.

Game seed: 1315283907364733713

60 qw the Shooter (level 3, -3/22 HPs)
             Began as a Deep Elf Hunter on Feb 5, 2024.
             Killed from afar by Sigmund (12 damage)
             ... with a puff of flame
             ... on level 2 of the Dungeon.
             The game lasted 00:00:02 (715 turns).

qw the Shooter (Deep Elf Hunter)                     Turns: 715, Time: 00:00:03

Health: -3/22      AC:  3    Str: 10    XL:     3   Next: 80%
Magic:  5/5        EV: 13    Int: 13    God:
Gold:   31         SH:  0    Dex: 24    Spells: 2/2 levels left

rFire   . . .        a - +0 shortbow
rCold   . . .        (shield currently unavailable)
rNeg    . . .        c - +0 leather armour
rPois   .            (no helmet)
rElec   .            (no cloak)
rCorr   .            (no gloves)
SInv    .            (no boots)
Will    .....        (no amulet)
Stlth   ++           d - +6 ring of dexterity
HPRegen 0.23/turn    (no ring)
MPRegen 0.09/turn

%: no passive effects
@: hasted, very quick
A: claws 1, robust 1
a: no special abilities


You were on level 2 of the Dungeon.
You visited 1 branch of the dungeon, and saw 2 of its levels.

You collected 31 gold pieces.


Innate Abilities, Weirdness & Mutations

You have sharp fingernails.
You are robust. (+10% HP)


   Skills:
 - Level 1.5 Fighting
 - Level 7.2 Ranged Weapons
 + Level 2.5 Dodging
 - Level 1.2 Stealth


You had 2 spell levels left.
You didn't know any spells.
Your spell library was empty.

Inventory:

Hand Weapons
 a - a +0 shortbow (weapon)
Armour
 c - a +0 leather armour (worn)
Jewellery
 d - a +6 ring of dexterity (left claw)
Scrolls
 b - a scroll of vulnerability {unknown}
 e - 3 scrolls of blinking {unknown}
Potions
 h - a potion of might
 i - a potion of mutation

Dungeon Overview and Level Annotations

Branches:
Dungeon (2/15)

Altars:

Annotations:
D:2 Sigmund


Message History

You kill the frilled lizard!
You hear a shout! x2
A dart slug comes into view.
You shoot an arrow. The arrow hits the dart slug.
The dart slug is lightly wounded.
You shoot an arrow.
The arrow hits the dart slug but does no damage.
The dart slug is lightly wounded.
Jessica the Apprentice Sorceress comes into view.
She is wielding a +0 dagger.
You shoot an arrow. The arrow barely misses Jessica.
Jessica hits you with a +0 dagger.
Jessica points at you and mumbles some strange words.
You barely resist. You shoot an arrow. The arrow hits Jessica.
Jessica is severely wounded.
The dart slug launches a dart at you. The slug dart misses you.
Jessica hits you with a +0 dagger.
You shoot an arrow. The arrow hits Jessica.
Jessica is almost dead.
The dart slug launches a dart at you. The slug dart hits you.
Jessica hits you with a +0 dagger.
You shoot an arrow. The arrow hits Jessica.
You kill Jessica!
Your Ranged Weapons skill increases to level 7!
You shoot an arrow. The arrow hits the dart slug.
The dart slug is moderately wounded.
You shoot an arrow. The arrow barely misses the dart slug.
You shoot an arrow. The arrow hits the dart slug!
You kill the dart slug!
Sigmund the Dreaded comes into view.
He is wielding a +0 scythe and carrying a wand of polymorph.
714 ||| DRINKING potion of haste.
You feel yourself speed up.
Sigmund casts a spell.
Sigmund flickers and vanishes!
Deactivating autopickup; reactivate with Ctrl-A.
You shoot an arrow.
You hear some strange, mumbled words.
A puff of flame appears from out of thin air!
The puff of flame hits you!
Ouch! That really hurt!
You die...

.........###...............
...........#.#'#...........
...........#.#.#...........
####.......#.#.###.........
#.......++#'###.........
#.............#.........
###.............#........
#..........|....#.......
#..............@#
##.............#)){.....
........................
...............%........
.....####...............
.....# #.........##.#..
.....# .........# %+ .
.....# ........# # .....#


There were no monsters in sight!

Vanquished Creatures
  Jessica (D:2)
  A dart slug (D:2)
  3 ball pythons (D:1)
  3 bats (D:1)
  3 endoplasms (D:1)
  3 goblins (D:1)
  3 hobgoblins (D:1)
  3 jackals (D:1)
  A quokka (D:1)
  3 frilled lizards (D:2)
  3 kobolds (D:1)
  A rat (D:1)
28 creatures vanquished.

Notes
Turn   | Place    | Note
-------+----------+-------------------------------------------
     0 | D:1      | qw the Deep Elf Hunter began the quest for the Orb.
     0 | D:1      | Reached XP level 1. HP: 12/12 MP: 3/3
     0 | D:1      | 0 ||| qw: Version: 0.3-a-160-g6735b56
     0 | D:1      | 0 ||| qw: Game counter: 6133
     0 | D:1      | 0 ||| qw: Melee chars always use a shield: true
     0 | D:1      | 0 ||| qw: God list: Okawaru
     0 | D:1      | 0 ||| qw: Allow faded altars: false
     0 | D:1      | 0 ||| qw: Do Orc after clearing Dungeon:15 true
     0 | D:1      | 0 ||| qw: Do second Lair branch before Depths: true
     0 | D:1      | 0 ||| qw: Lair rune preference: random
     0 | D:1      | 0 ||| qw: Goals: Normal
     0 | D:1      | 0 ||| PLANNING D:1-11
   129 | D:1      | Reached XP level 2. HP: 16/16 MP: 4/4
   152 | D:1      | Reached skill level 6 in Ranged Weapons
   365 | D:1      | Reached XP level 3. HP: 20/20 MP: 5/5
   480 | D:1      | 480 ||| UPGRADING to +6 ring of dexterity.
   481 | D:1      | 481 ||| READING scroll labelled MEURON SOLOSI.
   482 | D:1      | 482 ||| READING 2 scrolls labelled FUUDAMATI OREV.
   482 | D:1      | 482 ||| IDENTIFYING murky dark potion
   483 | D:1      | 483 ||| READING scroll of identify.
   483 | D:1      | 483 ||| IDENTIFYING sedimented orange potion
   484 | D:1      | 484 ||| DRINKING 2 cyan potions.
   484 | D:1      | Gained mutation: You are robust. (+10% HP) [potion of
                  | mutation]
   484 | D:1      | Gained mutation: You have sharp fingernails. [potion of
                  | mutation]
   492 | D:1      | 492 ||| DRINKING 2 dark potions.
   597 | D:1      | 597 ||| DROPPING scroll of butterflies.
   598 | D:1      | 598 ||| DROPPING potion of berserk rage.
   706 | D:2      | Noticed Jessica
   710 | D:2      | Killed Jessica
   711 | D:2      | Reached skill level 7 in Ranged Weapons
   713 | D:2      | Noticed Sigmund
   714 | D:2      | 714 ||| DRINKING potion of haste.
   715 | D:2      | Killed from afar by Sigmund

Levels and vault maps discovered:
D:1:      mrwooster_arrival_statue_3, layout_basic, chequers_serial_rivers_marsh
D:2:      layout_basic, serial_shops, nicolae_shop_tiny_real_fake_doors,
          basic_altar, minmay_shallow_snake_nest, uniq_sigmund, uniq_jessica

Skill      XL: |  1  2  3 |
---------------+----------+-----
Ranged Weapons | 6 7 |  7.2
Fighting       | |  1.5
Dodging        | |  2.5
Stealth        | |  1.2

Action                     || total
---------------------------++-------
   Fire: Shortbow          ||    69
    Use: Scroll            ||     3
         Potion            ||     3
 Armour: Leather armour    ||    13
  Dodge: Dodged            ||    10

Table legend:
 A = Non-vault XP
 B = Vault XP
 C = Vault XP percentage of total XP
 D = Non-vault monster count
 E = Vault monster count
 F = Vault count percentage of total count
                 A         B        C        D         E       F
            +---------+---------+-------+---------+---------+-------
      Total |      49 |      37 |  43.0 |      27 |       1 |   3.6
            +---------+---------+-------+---------+---------+-------
        D:1 |      42 |       0 |   0.0 |      23 |       0 |   0.0
        D:2 |       7 |      37 |  84.1 |       4 |       1 |  20.0
            +---------+---------+-------+---------+---------+-------
